 Dungeon Crawl Stone Soup version 0.31-a0-740-g87205ac768 (webtiles) character file.

Game seed: 870666929231237820

772 pokeman the Thaumaturge (level 7, -1/40 HPs)
             Began as a Deep Elf Hedge Wizard on Sept 12, 2023.
             Succumbed to a water moccasin's poison
             ... on level 5 of the Dungeon.
             The game lasted 00:10:24 (5934 turns).

pokeman the Thaumaturge (Deep Elf Hedge Wizard)     Turns: 5934, Time: 00:10:25

Health: -1/40      AC:  2    Str:  4 (7)  XL:     7   Next: 53%
Magic:  9/20       EV: 12    Int: 18 (21) God:
Gold:   433        SH:  0    Dex: 11 (14) Spells: 9/22 levels left

rFire   . . .        p - +2 dagger (venom)
rCold   + . .        (no shield)
rNeg    . . .        b - +0 robe
rPois   +            c - +0 hat
rElec   .            (no cloak)
rCorr   .            (no gloves)
SInv    .            (no boots)
Will    .....        A - amulet of the acrobat
Stlth   ++           i - ring of protection from cold
HPRegen 0.26/turn    q - ring of poison resistance
MPRegen 0.17/turn

%: acrobat
@: lethally poisoned (-1 -> -7), attractive, on blink cooldown
A: no striking features
a: no special abilities


You were on level 5 of the Dungeon.
You visited 1 branch of the dungeon, and saw 5 of its levels.
You also visited: Ossuary.

You collected 433 gold pieces.

Inventory:

Hand Weapons
 p - a +2 dagger of venom (weapon)
Armour
 b - a +0 robe (worn)
 c - a +0 hat (worn)
Jewellery
 i - a ring of protection from cold (left hand)
 q - a ring of poison resistance (right hand)
 A - an amulet of the acrobat (around neck)
Wands
 m - a wand of quicksilver (3)
 y - a wand of flame (18)
Scrolls
 a - a scroll of fog {unknown}
 e - a scroll of enchant armour {unknown}
 g - 5 scrolls of teleportation {unknown}
 j - 2 scrolls of enchant weapon {unknown}
 n - 2 scrolls of identify {unknown}
 o - a scroll of immolation {unknown}
 w - a scroll of noise {unknown}
 z - a scroll of fear {unknown}
 B - 2 scrolls of silence {unknown}
 C - 3 scrolls of revelation {unknown}
Potions
 d - 3 potions of magic
 f - a potion of degeneration
 h - 3 potions of might {unknown}
 k - a potion of resistance {unknown}
 l - 2 potions of curing {unknown}
 r - 4 potions of attraction
 s - 3 potions of mutation {unknown}
 t - a potion of berserk rage {unknown}
 u - a potion of haste {unknown}
 v - 2 potions of heal wounds {unknown}
 x - a potion of lignification {unknown}


   Skills:
 - Level 2.0 Fighting
 + Level 1.4 Armour
 - Level 3.0 Dodging
 - Level 3.0 Stealth
 * Level 8.2 Spellcasting
 + Level 4.0 Conjurations
 - Level 1.1 Summonings
 - Level 1.1 Translocations
 + Level 2.6 Ice Magic
 - Level 1.0 Air Magic
 - Level 1.0 Poison Magic
 - Level 1.0 Evocations


You had 9 spell levels left.
You knew the following spells:

 Your Spells              Type           Power      Damage    Failure   Level
a - Magic Dart            Conj           88%        1d7       1%          1
b - Mephitic Cloud        Conj/Pois/Air  14%        N/A       12%         3
c - Call Imp              Summ           22%        N/A       9%          2
d - Blink                 Tloc           22%        N/A       9%          2
e - Freezing Cloud        Conj/Ice/Air   8%         6-21      67%         5

Your spell library contained the following spells:

 Spells                   Type           Power      Damage    Failure   Level
 Static Discharge         Conj/Air       32%        2-4/arc   4%          2
 Slow                     Hex            28%        N/A       10%         1
 Poisonous Vapours        Pois/Air       22%        N/A       10%         2
 Cigotuvi's Dreadful Rot  Necr/Pois/Air  18%        N/A       11%         2
 Confusing Touch          Hex            7%         N/A       28%         3
 Sigil of Binding         Hex            7%         N/A       28%         3
 Vampiric Draining        Necr           7%         2d6       28%         3
 Airstrike                Air            5%         2d(1-17)  52%         4
 Summon Lightning Spire   Summ/Air       11%        N/A       52%         4
 Chain Lightning          Conj/Air       8%         3d10      100%        9
 Fire Storm               Conj/Fire      7%         8d2       100%        9
 Shatter                  Erth           3%         3d7*      100%        9


Dungeon Overview and Level Annotations

Branches:
Dungeon (5/15)            Ossuary (visited)
 Temple: D:4-7

Altars:
Ashenzari
Xom


Message History

Your cerulean imp hits the water moccasin with a -3 spear.
Casting: Magic Dart (safe; 1% risk of failure)
Confirm with . or Enter, or press ? or * to list all spells.
Aiming: Magic Dart (safe; 1% risk of failure)
Press: ? - help, Shift-Dir - straight line, f/p - water moccasin
Aim: a water moccasin (heavily wounded, ally target, 100% to hit)
The magic dart hits the water moccasin.
The water moccasin is heavily wounded.
The water moccasin bites you!
You are poisoned.
The water moccasin poisons you!
The water moccasin bites you but does no damage.
Your cerulean imp hits the water moccasin with a -3 spear.
Casting: Magic Dart (safe; 1% risk of failure)
Confirm with . or Enter, or press ? or * to list all spells.
Aiming: Magic Dart (safe; 1% risk of failure)
Press: ? - help, Shift-Dir - straight line, f/p - water moccasin
Aim: a water moccasin (heavily wounded, not watching you, ally target, 100% to hit)
The magic dart hits the water moccasin.
The water moccasin is heavily wounded.
* * * LOW HITPOINT WARNING * * *
You feel very sick. The water moccasin bites you!
* * * LOW HITPOINT WARNING * * *
Your cerulean imp hits the water moccasin but does no damage.
Unknown command.
Casting: Magic Dart (safe; 1% risk of failure)
Confirm with . or Enter, or press ? or * to list all spells.
You blink.
* * * LOW HITPOINT WARNING * * *
You feel sick.
Unknown command.
It was a potion of degeneration.
There was something very wrong with that liquid.
You feel weakened.
You feel dopey.
You feel clumsy.
* * * LOW HITPOINT WARNING * * *
You feel sick.
It was a potion of attraction.
You feel attractive to monsters.
You die...

..# ##. #.# ..# ######.####
.... . .....#....# #.. .#
#....#######.# ..#
######..........###.. #.
#<.....#.####.†..#.###.
#####.....##.##....#?.....###
..............@).S.5.........#
######.........)#####........#
#.....####..........)..##
#.....# ########.......#
#.....# #....)<.# #.....#
#.......# ####### ##.....##
##...## #####


You could see a water moccasin (ally target) and a friendly cerulean imp
(summoned).

Vanquished Creatures
  An ice beast (D:5)
  2 ogres (D:5)
  A gnoll sergeant (D:5)
  A howler monkey (D:4)
  A hound (D:5)
  An orc priest (D:4)
  An iguana (D:4)
  2 orc wizards (D:4)
  8 mummies (Ossuary)
  3 adders
  4 gnolls (D:5)
  3 worms
  4 dart slugs
  4 orcs (D:4)
  6 bats
  9 endoplasms
  6 giant cockroaches
  A gnoll zombie (Ossuary)
  7 goblins
  5 hobgoblins
  8 kobolds
  3 quokkas
  7 ball pythons
  3 frilled lizards
  3 hobgoblin zombies (Ossuary)
  A kobold zombie (Ossuary)
  3 orc zombies (Ossuary)
  6 rats
104 creatures vanquished.

Notes
Turn   | Place    | Note
-------+----------+-------------------------------------------
     0 | D:1      | pokeman the Deep Elf Hedge Wizard began the quest for the
                  | Orb.
     0 | D:1      | Reached XP level 1. HP: 10/10 MP: 7/7
   317 | D:1      | Reached XP level 2. HP: 16/16 MP: 3/9
  1035 | D:2      | Reached skill level 5 in Spellcasting
  1129 | D:2      | Reached XP level 3. HP: 20/20 MP: 4/11
  1133 | D:2      | Learned a level 3 spell: Mephitic Cloud
  1136 | D:2      | Learned a level 2 spell: Call Imp
  1139 | D:2      | Learned a level 2 spell: Blink
  1224 | D:2      | Found a shimmering altar of Xom.
  1288 | D:2      | Found a faded altar of an unknown god.
  1390 | D:2      | Reached skill level 1 in Fighting
  1530 | D:2      | Reached skill level 1 in Armour
  1786 | D:2      | Reached XP level 4. HP: 25/25 MP: 9/13
  3423 | D:4      | Reached skill level 6 in Spellcasting
  3423 | D:4      | Reached XP level 5. HP: 29/29 MP: 10/15
  3429 | D:4      | Found a sand-covered staircase.
  3433 | Ossuary  | Entered an ossuary
  3538 | Ossuary  | Learned a level 5 spell: Freezing Cloud
  3826 | Ossuary  | Reached skill level 1 in Air Magic
  3892 | Ossuary  | Reached skill level 1 in Poison Magic
  3892 | Ossuary  | Reached skill level 1 in Evocations
  4168 | D:4      | Reached XP level 6. HP: 34/34 MP: 8/17
  4330 | D:4      | Found a broken altar of Ashenzari.
  4655 | D:4      | Reached skill level 1 in Ice Magic
  4664 | D:4      | Reached skill level 7 in Spellcasting
  5470 | D:5      | Entered Level 5 of the Dungeon
  5505 | D:5      | Noticed an ice beast
  5642 | D:5      | Reached XP level 7. HP: 20/39 MP: 13/20
  5791 | D:5      | Reached skill level 8 in Spellcasting
  5933 | D:5      | HP: 1/40 [poisoned by a water moccasin]
  5934 | D:5      | Succumbed to a water moccasin's poison

Illustrated notes

Levels and vault maps discovered:
D:1:      co_arrival_random_square_maze, layout_rooms
D:2:      layout_rooms, basic_ecumenical_altar, basic_altar, minmay_ruptured
D:3:      layout_basic
D:4:      layout_layer_cave, ashenzari_conservatory_becter,
          lightli_ossuary_entry_decrepit_ruins
D:5:      nicolae_BIG_FREAKIN_CUBE, layout_rooms,
          worldfamousw_hep_ancestral_shrine

Skill      XL: |  1  2  3  4  5  6  7 |
---------------+----------------------+-----
Spellcasting   | 5 6 7 8 |  8.2
Fighting       | 1 2 |  2.0
Armour         | 1 |  1.4
Conjurations   | 2 3 4 |  4.0
Dodging        | 3 |  3.0
Stealth        | 3 |  3.0
Air Magic      | 1 |  1.0
Poison Magic   | 1 |  1.0
Evocations     | 1 |  1.0
Ice Magic      | 1 2 |  2.6
Summonings     | |  1.1
Translocations | |  1.1

Action                     |  1- 3 |  4- 6 |  7- 9 || total
---------------------------+-------+-------+-------++-------
  Melee: Dagger            |     1 |    43 |     5 ||    49
         Punch             |       |     3 |       ||     3
   Cast: Magic Dart        |   118 |   181 |    32 ||   331
         Mephitic Cloud    |       |    10 |     2 ||    12
         Call Imp          |       |     1 |     3 ||     4
         Blink             |       |       |     1 ||     1
  Evoke: Wand              |       |     2 |       ||     2
    Use: Potion            |       |       |     2 ||     2
   Stab: Confused          |       |     5 |       ||     5
 Armour: Robe              |     9 |    42 |    12 ||    63
  Dodge: Dodged            |    11 |    68 |     8 ||    87

Table legend: (Time is in decaauts)
 A = Elapsed time spent in this place.
 B = Non-inter-level travel time spent in this place.
 C = Inter-level travel time spent in this place.
 D = Time resting spent in this place.
 E = Time spent auto-exploring this place.
 F = Levels seen in this place.
 G = Mean time per level.
                   A        B        C        D        E       F      G
               +--------+--------+--------+--------+--------+-----+--------+
         Total |   5931 |   5656 |    275 |     75 |   4784 |   6 |  988.5 |
       Dungeon |   5293 |   5018 |    275 |     75 |   4291 |   5 | 1058.6 |
       Ossuary |    637 |    637 |      0 |      0 |    493 |   1 |  637.0 |
               +--------+--------+--------+--------+--------+-----+--------+

Top non-repeatable levels by time:
     D:4: 1739 daAuts
     D:2: 1256 daAuts
     D:3: 980 daAuts
     D:1: 973 daAuts
 Ossuary: 637 daAuts
     D:5: 343 daAuts
